 Dungeon Crawl Stone Soup version 0.25-b1-23-ge2ad7d536c (webtiles) character file.

Game seed: 12348032615455144431, levelgen mode: deterministic

21078 Dirian the Severer (level 12, -1/99 HPs)
             Began as a Hill Orc Fighter on May 30, 2020.
             Was a High Priest of Makhleb.
             Slain by an eidolon (6 damage)
             ... on level 3 of the Abyss.
             The game lasted 00:25:54 (10941 turns).

Dirian the Severer (Hill Orc Fighter)              Turns: 10941, Time: 00:25:54

Health: -1/99      AC: 11    Str: 27      XL:     12   Next: 86%
Magic:  5/17       EV:  7    Int:  2 (3)  God:    Makhleb [*****.]
Gold:   425        SH: 12    Dex:  9 (10) Spells: 11/11 levels left

rFire    . . .     SeeInvis +   v - +9 hand axe "Testudineslayer" {freeze, rN+ Int-5 SInv}
rCold    . . .     Gourm    .   c - +0 kite shield
rNeg     + . .     Faith    .   x - +4 chain mail
rPois    .         Spirit   .   g - +2 helmet
rElec    .         Reflect  .   C - scarf {repulsion}
rCorr    .         Harm     .   r - +2 pair of gloves {Str+3}
MR       .....                  A - +0 pair of boots
Stlth    ..........             (no amulet)
HPRegen  0.00/turn              n - +4 ring of protection
MPRegen  0.15/turn              (no ring)

@: mighty, afraid, corroded, non-regenerating, mildly diseased, slowed, heavily
drained, repel missiles, very slow
A: blurry vision 1, frail 1
a: Minor Destruction, Lesser Servant of Makhleb, Major Destruction, Greater
Servant of Makhleb, Renounce Religion


You were on level 3 of the Abyss.
You worshipped Makhleb.
Makhleb was extremely pleased with you.
You were hungry.

You visited 1 branch of the dungeon, and saw 15 of its levels.
You visited the Abyss 1 time.

You collected 811 gold pieces.
You spent 386 gold pieces at shops.

Inventory:

Hand Weapons
 b - a +0 scimitar of flaming
 v - the +9 hand axe "Testudineslayer" (weapon) {freeze, rN+ Int-5 SInv}
   (You found it on level 4 of the Dungeon)

   It has been specially enchanted to freeze those struck by it, causing extra
   injury to most foes and up to half again as much damage against particularly
   susceptible opponents.
   It can also slow down cold-blooded creatures.
   It affects your intelligence (-5).
   It protects you from negative energy.
   It lets you see invisible.
 B - a +2 vorpal hand axe
Armour
 c - a +0 kite shield (worn)
 g - a +2 helmet (worn)
 r - a +2 pair of gloves of strength (worn)
 t - a +2 plate armour of magic resistance
 x - a +4 chain mail (worn)
 A - a +0 pair of boots (worn)
 C - a scarf of repulsion (worn)
Jewellery
 n - a +4 ring of protection (left hand)
 s - an uncursed amulet of faith {unknown}
 D - an uncursed ring of protection from magic {unknown}
 I - the ring of Vajuppu {Dex+4 Slay+2 SInv Stlth+, unknown}
   (You found it on level 13 of the Dungeon)

   [ring of see invisible]

   It affects your dexterity (+4).
   It affects your accuracy and damage with ranged weapons and melee attacks
   (+2).
   It lets you see invisible.
   It makes you more stealthy.
Wands
 k - a wand of digging (2)
 l - a wand of polymorph (8)
 y - a wand of enslavement (6)
 F - a wand of random effects (11)
Scrolls
 a - 8 scrolls of identify
 d - 2 scrolls of magic mapping
 i - 3 scrolls of remove curse
 m - 3 scrolls of immolation
 p - a scroll of fear
 u - a scroll of summoning {unknown}
 E - 9 scrolls of teleportation {unknown}
 J - a scroll of enchant armour {unknown}
Potions
 e - 9 potions of curing
 h - a potion of flight
 j - a potion of lignification
 o - 4 potions of magic
 q - a potion of heal wounds
 w - 3 potions of resistance
 z - a potion of berserk rage
 G - 2 potions of ambrosia {unknown}
 H - a potion of might
 K - a potion of stabbing {unknown}
 L - a potion of brilliance {unknown}
Comestibles
 f - 27 rations


   Skills:
 + Level 11.3(9.7) Fighting
 + Level 15.5(13.7) Axes
 + Level 10.0(8.4) Armour
 + Level 11.4(9.8) Shields
 * Level 7.4(6.0) Invocations
 + Level 0.1(0.0) Evocations


You had 11 spell levels left.
You didn't know any spells.
Your spell library contained the following spells:

 Spells                   Type           Power        Failure   Level  Hunger
 Foxfire                  Conj/Fire      #...         99%         1    ##.....
 Conjure Flame            Conj/Fire      #.......     100%        3    ####...
 Inner Flame              Hex/Fire       #.......     100%        3    ####...
 Sticky Flame             Conj/Fire      #.......     100%        4    #####..
 Fireball                 Conj/Fire      #.........   100%        5    ######.


Dungeon Overview and Level Annotations

Branches:
Dungeon (15/15)            Temple (0/1) D:4            Lair (0/6) D:8
    Orc (0/2) D:11         Depths (0/5) D:15
 Vaults: D:13-14

Altars:
Ashenzari
Dithmenos
Hepliaklqana
Kikubaaqudgha
Makhleb
Okawaru
Ru
Uskayaw
Xom

Shops:
D:5 *   D:11 **

Annotations:
D:14 3 runed translucent doors, Ficoysum's ghost, journeyman GnWn; Ytheofip's ghost, journeyman FoFi
D:15 Kirke
Abyss:3 ABYSS 3 AT LVL 12 ! WTF ???


Innate Abilities, Weirdness & Mutations

Scrolls take you a little longer to read.
You are frail. (-10% HP)


Message History

You block the eidolon's attack. x2
You barely miss the eidolon.
The eidolon is heavily damaged.
You block the eidolon's attack. The eidolon closely misses you.
You hit the eidolon but do no damage.
The eidolon is heavily damaged.
You block the eidolon's attack. x2
You hit the eidolon. You freeze the eidolon.
The eidolon is severely damaged.
You block the eidolon's attack. The eidolon barely misses you.
You attempt to attack the eidolon, but flinch away in fear!
The eidolon hits you.
* * * LOW HITPOINT WARNING * * *
The eidolon hits you!
* * * LOW HITPOINT WARNING * * *
You feel dopey.
You closely miss the eidolon.
The eidolon is severely damaged.
The eidolon hits you.
You die...

..####.#. .
# . .. .. ..
.. .##... .
# F ..#. .
.#.. #.#..
.. ## #.# .#
#
#..#..§4##..
. #..W##.. .
# ###†@# # #
#### . #


You could see an eidolon (scary).

Vanquished Creatures
  Erica (D:10)
  A centaur warrior (D:13)
  A two-headed ogre (D:13)
  An unseen horror (D:7)
  A shadow wraith (Abyss:3)
  An orc knight (D:13)
  Pikel (D:7)
  3 cyclopes
  An orc sorcerer (D:13)
  2 manticores
  A rust devil (Abyss:3)
  A gargoyle (D:14)
  A komodo dragon (D:14)
  A tengu conjurer (D:13)
  An ancient zyme (Abyss:3)
  2 hornets
  Prince Ribbit (D:6)
  5 hippogriffs
  A shadow (D:13)
  A ynoxinul (Abyss:3)
  24 yaks
  2 wyverns
  A chaos spawn (Abyss:3)
  A hog (D:14)
  A hungry ghost (D:11)
  A basilisk (D:11)
  2 steam dragons (D:9)
  Menkaure (D:6)
  Edmund (D:4)
  Duvessa (D:6)
  2 ice beasts
  A slave (D:7)
  An eye of draining (shapeshifter) (Abyss:3)
  5 orc warriors
  A sky beast (D:9)
  A black bear (D:6)
  6 phantoms
  3 ogres
  5 centaurs
  3 crocodiles
  3 big kobolds
  8 bullfrogs
  A gnoll sergeant (D:8)
  Dowan (D:6)
  2 wyvern skeletons
  9 scorpions
  13 killer bees
  2 vampire bats (D:3)
  5 wights (D:13)
  A howler monkey (D:10)
  10 crimson imps
  A lava snake (D:8)
  A quasit (D:10)
  2 centaur skeletons
  7 hounds
  5 jellies
  3 orc priests
  3 bullfrog skeletons
  8 orc wizards
  Jessica (D:3)
  4 iguanas
  13 worker ants
  A hound zombie (D:8)
  A worker ant zombie (D:7)
  12 gnolls
  A howler monkey skeleton (D:8)
  7 adders
  4 shadow imps
  2 ufetubi (Abyss:3)
  An adder skeleton (D:3)
  3 adder zombies
  2 worms
  A dart slug (D:1)
  10 leopard geckos
  39 orcs
  3 bat skeletons (D:3)
  2 bat zombies (D:3)
  5 giant cockroaches
  7 goblins
  6 hobgoblins
  7 jackals
  3 quokkas
  3 ball pythons
  7 bats
  9 frilled lizards
  20 kobolds
  A quokka skeleton (D:8)
  6 rats
  A plant (D:11)
358 creatures vanquished.

Vanquished Creatures (others)
  A slave (D:7)
  An ogre (D:7)
  An orc (D:5)
  A quokka (D:5)
  A fungus (D:8)
  A plant (D:11)
  4 starspawn tentacles (Abyss:3)
10 creatures vanquished.

Grand Total: 368 creatures vanquished

Notes
Turn   | Place    | Note
-------+----------+-------------------------------------------
     0 | D:1      | Dirian the Hill Orc Fighter began the quest for the Orb.
     0 | D:1      | Reached XP level 1. HP: 19/19 MP: 1/1
    83 | D:1      | Reached XP level 2. HP: 20/27 MP: 2/2
   319 | D:1      | Reached skill level 3 in Axes
   380 | D:1      | Reached XP level 3. HP: 25/33 MP: 3/3
  1023 | D:2      | Reached XP level 4. HP: 40/40 MP: 4/4
  1104 | D:2      | Reached skill level 4 in Axes
  1585 | D:3      | Noticed Jessica
  1606 | D:3      | Killed Jessica
  1606 | D:3      | Reached XP level 5. HP: 33/47 MP: 5/5
  1876 | D:3      | Reached skill level 5 in Axes
  1993 | D:3      | Found an ancient bone altar of Kikubaaqudgha.
  2027 | D:3      | Reached XP level 6. HP: 50/53 MP: 6/6
  2181 | D:3      | Found a hide-covered altar of Uskayaw.
  2181 | D:3      | Found a hazy altar of Hepliaklqana.
  2186 | D:3      | Found a burning altar of Makhleb.
  2188 | D:3      | Found a shattered altar of Ashenzari.
  2190 | D:3      | Found a sacrificial altar of Ru.
  2205 | D:3      | Became a worshipper of Makhleb the Destroyer
  2316 | D:4      | Reached skill level 6 in Axes
  2469 | D:4      | Reached skill level 5 in Shields
  2469 | D:4      | Reached XP level 7. HP: 39/60 MP: 7/7
  2901 | D:4      | Found a staircase to the Ecumenical Temple.
  2930 | D:4      | Got an ichor-stained plate armour
  2950 | D:4      | Noticed Edmund
  2978 | D:4      | Killed Edmund
  2978 | D:4      | Reached skill level 5 in Fighting
  2978 | D:4      | Reached skill level 7 in Axes
  3125 | D:4      | Got a slimy hand axe
  3148 | D:4      | Identified the +9 hand axe "Testudineslayer" {freeze, rN+
                  | Int-5 SInv} (You found it on level 4 of the Dungeon)
  3179 | D:4      | Identified the +0 plate armour "Ryoguamy" {Stlth+} (You
                  | found it on level 4 of the Dungeon)
  3225 | D:5      | Entered Level 5 of the Dungeon
  3244 | D:5      | Found a shimmering altar of Xom.
  3267 | D:5      | Found Xoawic's General Store.
  3276 | D:5      | Bought a potion of might for 56 gold pieces
  3424 | D:5      | Reached * piety under Makhleb
  3519 | D:5      | Reached skill level 8 in Axes
  3519 | D:5      | Reached skill level 5 in Armour
  3527 | D:5      | Found an iron altar of Okawaru.
  3529 | D:5      | Reached XP level 8. HP: 67/69 MP: 8/8
  4515 | D:6      | Found a shadowy altar of Dithmenos.
  4529 | D:6      | Reached skill level 9 in Axes
  4632 | D:6      | Noticed Prince Ribbit
  4635 | D:6      | Noticed Dowan
  4636 | D:6      | Noticed Duvessa
  4646 | D:6      | Killed Prince Ribbit
  4649 | D:6      | Killed Duvessa
  4653 | D:6      | Killed Dowan
  4653 | D:6      | Reached XP level 9. HP: 53/78 MP: 9/9
  4948 | D:6      | Reached skill level 10 in Axes
  5007 | D:6      | Reached ** piety under Makhleb
  5039 | D:6      | Noticed Menkaure
  5046 | D:6      | Killed Menkaure
  5390 | D:7      | Noticed Pikel
  5413 | D:7      | Killed Pikel
  5413 | D:7      | Reached skill level 11 in Axes
  5496 | D:7      | Noticed a cyclops
  5506 | D:7      | Killed a cyclops
  5597 | D:7      | Noticed an unseen horror
  5709 | D:7      | Reached XP level 10. HP: 88/88 MP: 10/10
  6043 | D:7      | Killed an unseen horror
  6043 | D:7      | Reached skill level 12 in Axes
  6631 | D:8      | Found a staircase to the Lair.
  6683 | D:8      | Reached *** piety under Makhleb
  7049 | D:9      | Reached skill level 13 in Axes
  7081 | D:9      | You fall into a shaft and drop 3 floors!
  7168 | D:11     | Found Weussu's Assorted Antiques.
  7172 | D:11     | Bought a dented cameo amulet for 165 gold pieces
  7172 | D:11     | Bought a knobbly marble ring for 165 gold pieces
  7225 | D:10     | Entered Level 10 of the Dungeon
  7330 | D:10     | Reached **** piety under Makhleb
  7431 | D:10     | Noticed Erica
  7450 | D:10     | Reached XP level 11. HP: 95/95 MP: 11/11
  7454 | D:10     | Killed Erica
  7716 | D:9      | Reached skill level 14 in Axes
  7716 | D:9      | Reached skill level 1 in Invocations
  8104 | D:10     | You fall into a shaft and drop 2 floors!
  8154 | D:12     | Noticed a manticore
  8173 | D:12     | Killed a manticore
  8238 | D:12     | You fall into a shaft and drop 3 floors!
  8238 | D:15     | Entered Level 15 of the Dungeon
  8239 | D:15     | Noticed Kirke
  8239 | D:15     | Noticed a two-headed ogre
  8277 | D:14     | Noticed a cyclops
  8295 | D:14     | Killed a cyclops
  8295 | D:14     | Reached skill level 10 in Shields
  8309 | D:14     | Found a runed translucent gate.
  8310 | D:14     | Found a runed translucent gate.
  8313 | D:14     | Found a runed translucent gate.
  8314 | D:14     | Noticed Ficoysum's ghost (journeyman GnWn)
  8314 | D:14     | Noticed Ytheofip's ghost (journeyman FoFi)
  8325 | D:14     | Reached ***** piety under Makhleb
  8373 | D:14     | Noticed a two-headed ogre
  8392 | D:13     | Paralysed by a hornet for 3 turns
  8574 | D:11     | Reached skill level 10 in Fighting
  8676 | D:11     | Found Tauthupesa's Assorted Antiques.
  8765 | D:11     | Reached XP level 12. HP: 106/106 MP: 15/15
  8777 | D:11     | Reached skill level 5 in Invocations
  9136 | D:11     | Found a staircase to the Orcish Mines.
  9262 | D:11     | Reached skill level 15 in Axes
  9546 | D:12     | Found an ancient bone altar of Kikubaaqudgha.
  9755 | D:13     | Got a wavering copper ring
  9815 | D:13     | Noticed a two-headed ogre
  9823 | D:13     | Killed a two-headed ogre
 10328 | D:13     | Noticed a vault guard
 10346 | D:13     | Noticed a vault guard
 10465 | D:13     | Noticed a centaur warrior
 10475 | D:13     | Killed a centaur warrior
 10569 | D:13     | Noticed a soul eater
 10569 | D:13     | Paralysed by an orc sorcerer for 6 turns
 10789 | D:13     | Cast into level 3 of the Abyss (a wizard)
 10789 | Abyss:3  | Found a corrupted altar of Lugonu.
 10825 | Abyss:3  | Noticed a rakshasa
 10826 | Abyss:3  | Gained mutation: Scrolls take you a little longer to read.
                  | [a neqoxec]
 10827 | Abyss:3  | Gained mutation: You are frail. (-10% HP) [a neqoxec]
 10831 | Abyss:3  | Noticed a starcursed mass
 10844 | Abyss:3  | Noticed an eidolon
 10856 | Abyss:3  | Noticed a tentacled starspawn
 10921 | Abyss:3  | HP: 2/99 [eidolon/bolt of negative energy (14)]
 10926 | Abyss:3  | Reached skill level 10 in Armour
 10941 | Abyss:3  | Slain by an eidolon

Illustrated notes

Levels and vault maps discovered:
D:1:      matt_arrival_diagonals, layout_basic, minmay_heptomino_w4
D:2:      layout_rooms
D:3:      layout_rooms, kennysheep_vampire_church,
          chequers_temple_overflow_minitemple, first_ration, uniq_jessica
D:4:      layout_rooms, minmay_temple_entry_sparse_star, uniq_edmund
D:5:      layout_basic, xom_confusion_cloud, kennysheep_okawaru_gauntlet,
          serial_shops, shop
D:6:      layout_loops_ring, basic_altar, uniq_prince_ribbit1, uniq_menkaure,
          uniq_duvessa
D:7:      layout_basic, grunt_ogre_cave, lightli_corner_chamber, uniq_pikel
D:8:      layout_basic, dpeg_oklobed_lair, nicolae_lava_and_water,
          grunt_ministairs_10
D:9:      layout_rooms
D:10:     layout_loops_ring, uniq_erica
D:11:     layout_loops_cross, orc_0_dummy, serial_shops,
          nicolae_shop_statue_plus, shop, columned_hall_lemuel,
          hangedman_decor_slide_cut, minmay_lizard_king
D:12:     layout_rooms, basic_altar
D:13:     layout_stronghold, grunt_vaults_entry_fortified
D:14:     layout_big_octagon, minmay_misc_feat_x, gammafunk_ghost_cemetery,
          lemuel_mausoleum_altar_kikubaaqudgha
D:15:     gammafunk_enter_depths_forms, layout_basic, serial_bayou_shore_a,
          uniq_kirke
Abyss:3:  base: D:4, serial_sigils_hangedman_snap, hangedman_abyss_theft,
          evilmike_abyss_rune_elephants_shrine, evilmike_abyss_exit_12,
          due_evilmike_abyss_rune_seething_liches

Skill      XL: |  1  2  3  4  5  6  7  8  9 10 11 12 |
---------------+-------------------------------------+-----
Axes           | 3 4 5 6 8 9 11 13 14 15 | 15.5
Fighting       | 4 5 6 7 8 10 11 | 11.3
Armour         | 4 5 6 7 8 9 10 | 10.0
Shields        | 4 5 6 8 9 10 11 | 11.4
Invocations    | 4 7 |  7.4
Evocations     | |  0.1

Action                   |  1- 3 |  4- 6 |  7- 9 | 10-12 || total
-------------------------+-------+-------+-------+-------++-------
Melee: War axe           |    92 |   184 |    35 |       ||   311
       Hand axe          |       |       |   191 |   692 ||   883
Evoke: Wand              |       |       |       |     1 ||     1
  Use: Potion            |       |     1 |       |     6 ||     7
       Scroll            |       |       |    15 |     6 ||    21
  Eat: Chunk             |       |     6 |    10 |    17 ||    33
Armor: Scale mail        |    60 |   126 |    18 |       ||   204
       Chain mail        |       |       |    69 |   254 ||   323
Dodge: Dodged            |    27 |    76 |    30 |   119 ||   252
       Repelled          |       |       |       |     7 ||     7
Block: Kite shield       |    66 |   117 |    98 |   297 ||   578
